 Dungeon Crawl Stone Soup version 0.30-a0-135-g630cfc4551 (webtiles) character file.

Game seed: 383777555573187122

30 KennySheep the Cudgeller (level 3, -1/30 HPs)
             Began as a Meteoran Gladiator on Sept 21, 2022.
             Slain by an orc
             ... wielding a +0 morningstar
              (11 damage)
             ... on level 3 of the Dungeon.
             The game lasted 00:02:25 (684 turns).

KennySheep the Cudgeller (Meteoran Gladiator)        Turns: 684, Time: 00:02:26

Health: -1/30      AC:  4    Str: 17    XL:     3   Next: 55%
Magic:  4/4        EV: 13    Int: 16    God:
Gold:   52         SH:  0    Dex: 15    Spells: 2/2 levels left

rFire   . . .      SeeInvis .    a - +0 flail
rCold   . . .      Faith    .    (no shield)
rNeg    . . .      Spirit   .    b - +0 leather armour
rPois   .          Reflect  .    c - +0 helmet
rElec   .          Harm     .    (no cloak)
rCorr   .          Rampage  .    (no gloves)
Will    .....                    (no boots)
Stlth   +.........               (no amulet)
HPRegen 0.10/turn                h - +6 ring of intelligence
MPRegen 0.09/turn                (no ring)

@: glowing
A: sense surroundings 1, otherworldly, glowing, explore regen
a: no special abilities


You were on level 3 of the Dungeon.
You visited 1 branch of the dungeon, and saw 3 of its levels.

You collected 52 gold pieces.

Inventory:

Hand Weapons
 a - a +0 flail (weapon)
Missiles
 d - 3 throwing nets (quivered)
 e - a javelin
Armour
 b - a +0 leather armour (worn)
 c - a +0 helmet (worn)
Jewellery
 h - a +6 ring of intelligence (left hand)
Wands
 j - a wand of mindburst (7)
Scrolls
 f - a scroll of magic mapping {unknown}
 i - a scroll of brand weapon {unknown}
Potions
 g - a potion of curing {unknown}
 k - a potion of resistance {unknown}


   Skills:
 + Level 2.4 Fighting
 * Level 4.7 Maces & Flails
 + Level 2.8 Throwing
 + Level 1.0 Armour
 + Level 3.9 Dodging


You had 2 spell levels left.
You didn't know any spells.
Your spell library was empty.

Dungeon Overview and Level Annotations

Branches:
Dungeon (3/15) Zot: 1104

Altars:


Innate Abilities, Weirdness & Mutations

You passively map a small area around you.
You are easily found by Zot.
You glow in the dark.
You regain HP and MP as you explore.


Message History

A giant cockroach comes into view.
A giant cockroach is nearby!
You hit the giant cockroach.
The giant cockroach is severely wounded.
The giant cockroach closely misses you.
You barely miss the giant cockroach.
The giant cockroach is severely wounded.
The giant cockroach misses you. x2
You hit the giant cockroach.
You kill the giant cockroach!
No target in view!
A dart slug comes into view.
A dart slug is nearby!
You sock the dart slug!
The dart slug is almost dead.
The dart slug bites you but does no damage.
You hit the dart slug but do no damage.
The dart slug is almost dead.
You hit the dart slug.
You kill the dart slug!
An orc comes into view. It is wielding a +0 morningstar.
The orc shouts!
You hear an angry hiss.
An orc is nearby!
An orc comes into view. It is wielding a +0 trident.
The orc closely misses you.
You hit the orc.
The orc is severely wounded.
The orc barely misses you.
You hit the orc.
The orc is severely wounded.
The orc misses you.
You barely miss the orc.
The orc is severely wounded.
The orc hits you from afar with a +0 trident.
The orc hits you with a +0 morningstar! The orc closely misses you.
The orc hits you with a +0 morningstar!
You hit the orc but do no damage.
The orc is severely wounded.
The orc barely misses you. The orc hits you with a +0 morningstar!
You die...

*### , * * , ..#, * * #.#
, #.# * , *##.##* , *
,.o. , * #o# , #@#, * , ,
#.# ,* , #.#, *
#########.########
##.#................# *
#..#........#.#.###.#
#.##........#.#.###.#
#.##........#.#.....# .
#.##........#.###########


You could see 2 orcs.

Vanquished Creatures
  2 dart slugs
  3 ball pythons
  3 endoplasms
  2 giant cockroaches
  A goblin (D:2)
  A hobgoblin (D:1)
  3 kobolds
  A quokka (D:3)
  2 bats
  4 frilled lizards
  3 rats
25 creatures vanquished.

Notes
Turn   | Place    | Note
-------+----------+-------------------------------------------
     0 | D:1      | KennySheep the Meteoran Gladiator began the quest for the
                  | Orb.
     0 | D:1      | Reached XP level 1. HP: 17/17 MP: 2/2
    46 | D:1      | Reached XP level 2. HP: 24/24 MP: 3/3
   342 | D:2      | Reached XP level 3. HP: 19/30 MP: 4/4
   574 | D:3      | Reached skill level 1 in Armour
   684 | D:3      | Slain by an orc

Illustrated notes

Levels and vault maps discovered:
D:1:      mainiacjoe_arrival_reflecting_pool, layout_basic,
          nicolae_figureground_pulse
D:2:      layout_basic, serial_park_tiny_1
D:3:      layout_basic, vehumet_crystals, mainiacjoe_overflow_two_lobes,
          minmay_bisected, uniq_sigmund

Skill      XL: |  1  2  3 |
---------------+----------+-----
Armour         | 1 |  1.0
Fighting       | |  2.4
Maces & Flails | |  4.7
Throwing       | |  2.8
Dodging        | |  3.9

Action                   || total
-------------------------++-------
Melee: Flail             ||    65
       Punch             ||     1
Armor: Leather armour    ||    31
Dodge: Dodged            ||    39

Table legend: (Time is in decaauts)
 A = Elapsed time spent in this place.
 B = Non-inter-level travel time spent in this place.
 C = Inter-level travel time spent in this place.
 D = Time resting spent in this place.
 E = Time spent auto-exploring this place.
 F = Levels seen in this place.
 G = Mean time per level.
                   A        B        C        D        E       F      G
               +--------+--------+--------+--------+--------+-----+--------+
         Total |    694 |    694 |      0 |      0 |    508 |   3 |  231.3 |
       Dungeon |    694 |    694 |      0 |      0 |    508 |   3 |  231.3 |
               +--------+--------+--------+--------+--------+-----+--------+

Top non-repeatable levels by time:
     D:3: 299 daAuts
     D:1: 247 daAuts
     D:2: 147 daAuts
